 Dungeon Crawl Stone Soup version 0.28-a0-987-g8383568036 (webtiles) character file.

Game seed: 13650809102048535261

826 Decritt the Skirmisher (level 7, -1/47 HPs)
             Began as a Gargoyle Fighter on Dec 4, 2021.
             Slain by a yak (12 damage)
             ... on level 4 of the Dungeon.
             The game lasted 00:06:06 (4611 turns).

Decritt the Skirmisher (Gargoyle Fighter)           Turns: 4611, Time: 00:06:06

Health: -1/47      AC: 22    Str: 21    XL:     7   Next: 96%
Magic:  7/7        EV:  7    Int:  9    God:
Gold:   95         SH:  4    Dex:  9    Spells: 6/6 levels left

rFire   . . .      SeeInvis .   h - +2 mace (protect)
rCold   . . .      Faith    .   c - +0 buckler
rNeg    + . .      Spirit   .   k - +0 chain mail
rPois   ∞          Reflect  .   (no helmet)
rElec   +          Harm     .   m - +0 cloak
rCorr   .          Rampage  .   (no gloves)
Will    .....                   (no boots)
Stlth   ..........              (no amulet)
HPRegen 0.15/turn               (no ring)
MPRegen 0.10/turn               (no ring)

@: under a protective aura
A: sickness immunity, AC +4, negative energy resistance 1, electricity
resistance, torment resistance 1, petrification resistance
a: no special abilities


You were on level 4 of the Dungeon.
You visited 1 branch of the dungeon, and saw 4 of its levels.

You collected 95 gold pieces.

Inventory:

Hand Weapons
 a - a +0 flail
 h - a +2 mace of protection (weapon)
 j - a +0 morningstar
Armour
 b - a +0 scale mail
 c - a +0 buckler (worn)
 k - a +0 chain mail (worn)
 m - a +0 cloak (worn)
Scrolls
 d - 2 scrolls of magic mapping {unknown}
 e - 2 scrolls of vulnerability {unknown}
 f - a scroll of blinking {unknown}
 n - a scroll of immolation {unknown}
 o - a scroll of amnesia {unknown}
 p - a scroll of fog {unknown}
Potions
 g - a potion of attraction
 i - a potion of magic {unknown}
 l - a potion of flight {unknown}
 q - 2 potions of brilliance {unknown}
 r - a potion of curing {unknown}


   Skills:
 * Level 6.3 Fighting
 * Level 5.3 Maces & Flails
 + Level 5.0 Armour
 + Level 5.0 Shields


You had 6 spell levels left.
You didn't know any spells.
Your spell library was empty.

Dungeon Overview and Level Annotations

Branches:
Dungeon (4/15)
 Temple: D:4-7

Altars:
Nemelex Xobeh


Innate Abilities, Weirdness & Mutations

You are immune to sickness and miasma.
Your stone body is resilient. (AC +4)
You are immune to poison.
You resist negative energy. (rN+)
You are resistant to electric shocks. (rElec)
You are resistant to unholy torment.
You are immune to petrification.


Message History

The yak gores you but does no damage. The yak barely misses you.
You sock the yak!
You kill the yak!
Your Armour skill increases to level 5!
Your Shields skill increases to level 5!
You hit the yak.
The yak is lightly wounded.
The yak gores you but does no damage.
You barely miss the yak.
The yak is lightly wounded.
The yak gores you but does no damage. The yak gores you!
* * * LOW HITPOINT WARNING * * *
You hit the yak.
The yak is lightly wounded.
The yak gores you but does no damage.
You hit the yak.
The yak is lightly wounded.
The yak gores you!
* * * LOW HITPOINT WARNING * * *
You hit the yak.
The yak is lightly wounded.
The yak gores you but does no damage.
You barely miss the yak.
The yak is lightly wounded.
The yak gores you.
* * * LOW HITPOINT WARNING * * *
You hit the yak.
The yak is moderately wounded.
The yak gores you but does no damage. The yak gores you.
* * * LOW HITPOINT WARNING * * *
You hit the yak.
The yak is moderately wounded.
The yak gores you but does no damage.
You sock the yak!
The yak is heavily wounded.
The yak gores you but does no damage.
You thump the yak!
The yak is severely wounded.
The yak gores you!
You die...

#.#.......#
#.####.##.#
### #.#
#.##.#
..######.#
#.##.#
#[.......#
#.##.#
#........#
#.##.#
##......##
..##.#
.........#
####.#
##########
#@# #Y# #.#
#.# ..# ###


You could see a yak.

Vanquished Creatures
  Sigmund (D:2)
  2 yaks (D:4)
  A bullfrog zombie (D:3)
  An orc priest (D:3)
  Crazy Yiuf (D:2)
  Terence (D:2)
  Natasha (thrice) (D:3)
  An orc wizard (D:3)
  5 adders
  2 worms (D:2)
  8 orcs (D:3)
  8 ball pythons
  6 endoplasms
  2 giant cockroaches (D:2)
  11 goblins
  7 hobgoblins
  5 jackals (D:2)
  A quokka (D:3)
  6 bats
  5 frilled lizards
  6 kobolds
  7 rats
90 creatures vanquished.

Vanquished Creatures (others)
  2 plants (D:2)
2 creatures vanquished.

Grand Total: 92 creatures vanquished

Notes
Turn   | Place    | Note
-------+----------+-------------------------------------------
     0 | D:1      | Decritt the Gargoyle Fighter began the quest for the Orb.
     0 | D:1      | Reached XP level 1. HP: 14/14 MP: 1/1
   296 | D:1      | Reached XP level 2. HP: 19/19 MP: 2/2
   774 | D:1      | Reached XP level 3. HP: 23/24 MP: 3/3
  1561 | D:2      | Reached skill level 4 in Fighting
  1595 | D:2      | Reached XP level 4. HP: 29/29 MP: 4/4
  1646 | D:2      | Noticed Sigmund
  1901 | D:2      | Killed Sigmund
  1902 | D:2      | Reached XP level 5. HP: 19/34 MP: 5/5
  1902 | D:2      | Reached XP level 6. HP: 22/40 MP: 6/6
  2274 | D:2      | Found a sparkling altar of Nemelex Xobeh.
  2364 | D:2      | Found a runed translucent door.
  2365 | D:2      | Noticed Crazy Yiuf
  2372 | D:2      | Killed Crazy Yiuf
  2373 | D:2      | Reached skill level 5 in Fighting
  3158 | D:3      | Noticed Terence
  3544 | D:2      | Killed Terence
  4083 | D:3      | Noticed Natasha
  4089 | D:3      | Killed Natasha
  4171 | D:3      | Reached XP level 7. HP: 44/44 MP: 7/7
  4188 | D:3      | Noticed Natasha
  4196 | D:3      | Killed Natasha
  4214 | D:3      | Noticed Natasha
  4220 | D:3      | Killed Natasha
  4570 | D:4      | Noticed a yak
  4574 | D:4      | Noticed a yak
  4576 | D:4      | Noticed a yak
  4591 | D:4      | Killed a yak
  4592 | D:4      | Reached skill level 6 in Fighting
  4592 | D:4      | Reached skill level 5 in Maces & Flails
  4601 | D:4      | Killed a yak
  4602 | D:4      | Reached skill level 5 in Armour
  4602 | D:4      | Reached skill level 5 in Shields
  4611 | D:4      | Slain by a yak

Illustrated notes

Levels and vault maps discovered:
D:1:      lightli_arrival_boilingwater, layout_rooms
D:2:      layout_rooms, basic_altar, minmay_misc_feat_ornament,
          grunt_ministairs_3, corexii_shack, uniq_sigmund,
          uniq_crazy_yiuf_cottage
D:3:      layout_basic, uniq_natasha, uniq_terence
D:4:      layout_basic, serial_shops, shop_fountains,
          ebering_ghost_disaster_area, chequers_serial_rivers_small_a,
          minivault_1

Skill      XL: |  1  2  3  4  5  6  7 |
---------------+----------------------+-----
Fighting       | 4 5 6 |  6.3
Maces & Flails | 3 4 5 |  5.3
Armour         | 4 5 |  5.0
Shields        | 4 5 |  5.0

Action                   |  1- 3 |  4- 6 |  7- 9 || total
-------------------------+-------+-------+-------++-------
Melee: Flail             |   135 |   132 |       ||   267
       Mace              |       |    49 |    60 ||   109
       Morningstar       |       |    32 |       ||    32
Throw: Boomerang         |       |     6 |       ||     6
  Use: Potion            |       |     2 |       ||     2
       Scroll            |       |     2 |       ||     2
Armor: Scale mail        |    80 |    14 |       ||    94
       Chain mail        |       |   138 |    37 ||   175
Dodge: Dodged            |    69 |    78 |     8 ||   155
Block: Buckler           |    22 |    34 |    11 ||    67

Table legend: (Time is in decaauts)
 A = Elapsed time spent in this place.
 B = Non-inter-level travel time spent in this place.
 C = Inter-level travel time spent in this place.
 D = Time resting spent in this place.
 E = Time spent auto-exploring this place.
 F = Levels seen in this place.
 G = Mean time per level.
                   A        B        C        D        E       F      G
               +--------+--------+--------+--------+--------+-----+--------+
         Total |   4696 |   4604 |     92 |   1888 |   1827 |   4 | 1174.0 |
       Dungeon |   4696 |   4604 |     92 |   1888 |   1827 |   4 | 1174.0 |
               +--------+--------+--------+--------+--------+-----+--------+

Top non-repeatable levels by time:
     D:2: 1837 daAuts
     D:1: 1541 daAuts
     D:3: 1234 daAuts
     D:4: 84 daAuts
